 Dungeon Crawl Stone Soup version 0.28-a0-1415-g7c84da036a (webtiles) character file.

Game seed: 333681514348405006

4 Shayle the Grasshopper (level 1, -1/22 HPs)
             Began as an Ogre Warper on Jan 7, 2022.
             Slain by a quokka (4 damage)
             ... on level 1 of the Dungeon.
             The game lasted 00:01:16 (458 turns).

Shayle the Grasshopper (Ogre Warper)                 Turns: 458, Time: 00:01:18

Health: -1/22      AC:  3    Str: 14    XL:     1   Next: 70%
Magic:  3/3        EV: 10    Int: 14    God:
Gold:   25         SH:  0    Dex:  8    Spells: 4/4 levels left

rFire   . . .      SeeInvis .     - Unarmed
rCold   . . .      Faith    .   (no shield)
rNeg    . . .      Spirit   .   a - +0 robe
rPois   .          Reflect  .   (helmet restricted)
rElec   .          Harm     .   (no cloak)
rCorr   .          Rampage  .   (gloves unavailable)
Will    .....                   (boots unavailable)
Stlth   +.........              (no amulet)
HPRegen 0.07/turn               (no ring)
MPRegen 0.08/turn               (no ring)

@: no status effects
A: large, unfitting armour, tough skin 1
a: no special abilities


You were on level 1 of the Dungeon.
You visited 1 branch of the dungeon, and saw 1 of its levels.

You collected 25 gold pieces.

Inventory:

Missiles
 c - 2 boomerangs of dispersal (quivered)
Armour
 a - a +0 robe (worn)
Scrolls
 b - a scroll of blinking
Potions
 d - a potion of curing {unknown}


   Skills:
 - Level 2.6 Fighting
 - Level 1.0 Throwing
 + Level 2.3 Dodging
 + Level 2.0 Unarmed Combat
 - Level 2.4 Spellcasting
 - Level 2.6 Translocations


You had 4 spell levels left.
You didn't know any spells.
Your spell library contained the following spells:

 Spells                   Type           Power      Damage    Failure   Level
 Blink                    Tloc           18%        N/A       12%         2
 Gell's Gravitas          Tloc           9%         N/A       22%         3
 Lesser Beckoning         Tloc           9%         N/A       22%         3
 Teleport Other           Tloc           9%         N/A       22%         3
 Manifold Assault         Tloc           9%         N/A       91%         5


Dungeon Overview and Level Annotations

Branches:
Dungeon (1/15)

Altars:


Innate Abilities, Weirdness & Mutations

You are too large for most types of armour.
You have tough skin. (AC +1)


Message History

The quokka bites you.
You closely miss the quokka.
The quokka is severely wounded.
The quokka bites you.
You miss the quokka.
The quokka is severely wounded.
The quokka bites you but does no damage. x2
You hit the quokka but do no damage.
The quokka is severely wounded.
The quokka bites you.
You hit the quokka but do no damage.
The quokka is severely wounded.
The quokka bites you.
You closely miss the quokka.
The quokka is severely wounded.
The quokka bites you.
You closely miss the quokka.
The quokka is severely wounded.
The quokka bites you.
* * * LOW HITPOINT WARNING * * *
Throw: 5 boomerangs (disperse)
Press: ? - help, Q - select action Shift-Dir - straight line, f - quokka
Aim: a quokka (severely wounded, 41% to hit)
You throw a boomerang of dispersal.
The boomerang of dispersal closely misses the quokka.
The quokka closely misses you. The quokka barely misses you.
Throw: 4 boomerangs (disperse)
Press: ? - help, Q - select action Shift-Dir - straight line, f/p - quokka
Aim: a quokka (severely wounded, 41% to hit)
You throw a boomerang of dispersal.
The boomerang of dispersal closely misses the quokka.
The quokka bites you.
* * * LOW HITPOINT WARNING * * *
Throw: 3 boomerangs (disperse)
Press: ? - help, Q - select action Shift-Dir - straight line, f/p - quokka
Aim: a quokka (severely wounded, 41% to hit)
You throw a boomerang of dispersal.
The boomerang of dispersal closely misses the quokka.
The quokka bites you.
You die...

. ..# #. #..#.#
#..#####..#.#
#..#......#.#
#...........##
#............# #####
#....8r8...... .....
#r#..#.###########
#@#........>......
###.###..#####......
#....#8...8#..#...#.#####
#....#.._..#..#.#.#.##...
#....#8...8#..#.#.#.##.##
....###.###..#.#.#.##.#.
####....#.#......#.#.##.##
........#'#..#.#.#.#.#....
........8.8..#.#...#.#####


You could see 2 quokkas.

Vanquished Creatures
  A hobgoblin (D:1)
  2 ball pythons (D:1)
  A bat (D:1)
  2 rats (D:1)
6 creatures vanquished.

Notes
Turn   | Place    | Note
-------+----------+-------------------------------------------
     0 | D:1      | Shayle the Ogre Warper began the quest for the Orb.
     0 | D:1      | Reached XP level 1. HP: 22/22 MP: 3/3
   423 | D:1      | Found a faded altar of an unknown god.
   458 | D:1      | Slain by a quokka

Illustrated notes

Levels and vault maps discovered:
D:1:      dpeg_cavernosity, layout_basic,
          dreamdust_ecumenical_altar_angels_and_demons

Skill      XL: |  1 |
---------------+----+-----
Unarmed Combat | 2 |  2.0
Fighting       | |  2.6
Throwing       | |  1.0
Dodging        | |  2.3
Spellcasting   | |  2.4
Translocations | |  2.6

Action                   || total
-------------------------++-------
Melee: Unarmed           ||    39
Throw: Boomerang         ||     3
Armor: Robe              ||    10
Dodge: Dodged            ||    24

Table legend: (Time is in decaauts)
 A = Elapsed time spent in this place.
 B = Non-inter-level travel time spent in this place.
 C = Inter-level travel time spent in this place.
 D = Time resting spent in this place.
 E = Time spent auto-exploring this place.
 F = Levels seen in this place.
 G = Mean time per level.
                   A        B        C        D        E       F      G
               +--------+--------+--------+--------+--------+-----+--------+
         Total |    457 |    457 |      0 |    114 |    256 |   1 |  457.0 |
       Dungeon |    457 |    457 |      0 |    114 |    256 |   1 |  457.0 |
               +--------+--------+--------+--------+--------+-----+--------+

Top non-repeatable levels by time:
     D:1: 457 daAuts
